 Dungeon Crawl Stone Soup version 0.30-a0-748-ge6a52f7cba (webtiles) character file.

Game seed: 1704463083110699585

2807 Aneyh the Fighter (level 9, -8/55 HPs)
             Began as a Tengu Monk on Feb 8, 2023.
             Was a Priest of Hepliaklqana.
             Mangled by a vampire
             ... wielding a +2 vampiric halberd
              (18 damage)
             ... in a bailey.
             The game lasted 00:15:54 (5559 turns).

Aneyh the Fighter (Tengu Monk)                      Turns: 5559, Time: 00:15:55

Health: -8/55      AC:  7    Str: 15    XL:     9   Next: 72%
Magic:  10/10      EV: 15    Int: 12    God:    Hepliaklqana [***...]
Gold:   357        SH:  5    Dex: 16    Spells: 8/8 levels left

rFire   . . .      SeeInvis .    m - +1 great mace
rCold   . . .      Faith    .    (shield currently unavailable)
rNeg    . . .      Spirit   .    b - +0 robe
rPois   .          Reflect  +    (helmet restricted)
rElec   .          Harm     .    (no cloak)
rCorr   .          Rampage  .    F - +0 pair of gloves
Will    +....                    (boots unavailable)
Stlth   ++                       u - amulet of reflection
HPRegen 0.29/turn                l - ring of willpower
MPRegen 0.12/turn                t - +4 ring of protection

@: flying quickly and evasively, studying Stealth, quick
A: reduced essence, beak, talons 3, nimble flight
a: Renounce Religion, Recall Ancestor, Ancestor Identity, Transference


You were in a bailey.
You worshipped Hepliaklqana.
Hepliaklqana was most pleased with you.
You visited 2 branches of the dungeon, and saw 8 of its levels.
You also visited: Sewer and Bailey.

You collected 357 gold pieces.

Inventory:

Hand Weapons
 d - a +2 heavy trident
 h - a +0 trident
 m - a +1 great mace (weapon)
 n - a +0 war axe
 y - a +0 morningstar
 G - a +0 halberd
 L - a +0 short sword of protection
Missiles
 g - 13 poisoned darts (quivered)
 z - 5 boomerangs
Armour
 b - a +0 robe (worn)
 F - a +0 pair of gloves (worn)
Magical Staves
 e - a staff of conjuration
 j - a staff of fire
Jewellery
 l - a ring of willpower (left hand)
 t - a +4 ring of protection (right hand)
 u - an amulet of reflection (around neck)
 D - an amulet of the acrobat
 J - a ring of protection from fire
Wands
 c - a wand of roots (6)
 q - a wand of polymorph (3)
 K - a wand of flame (25)
Scrolls
 a - 2 scrolls of blinking
 f - a scroll of brand weapon {unknown}
 p - a scroll of poison
 r - a scroll of vulnerability
 s - a scroll of teleportation
 E - a scroll of amnesia
 I - a scroll of enchant armour
Potions
 i - 2 potions of lignification {unknown}
 k - a potion of degeneration {unknown}
 o - 3 potions of curing {unknown}
 v - 2 potions of mutation {unknown}
 w - a potion of heal wounds {unknown}
 x - 3 potions of invisibility {unknown}
 A - 4 potions of berserk rage {unknown}
 B - a potion of flight {unknown}
 C - 2 potions of haste {unknown}


   Skills:
 - Level 10.0 Fighting
 + Level 9.6 Maces & Flails
 - Level 4.0 Polearms
 - Level 3.2 Dodging
 - Level 2.0 Stealth


You had 8 spell levels left.
You didn't know any spells.
Your spell library contained the following spells:

 Spells                   Type           Power      Damage    Failure   Level
 Freeze                   Ice            0%         1d3       32%         1
 Cigotuvi's Dreadful Rot  Necr/Pois/Air  0%         N/A       45%         2
 Poisonous Vapours        Pois/Air       0%         N/A       45%         2
 Frozen Ramparts          Ice            0%         1d1       69%         3
 Hailstorm                Conj/Ice       0%         3d3       69%         3
 Mephitic Cloud           Conj/Pois/Air  0%         N/A       69%         3
 Animate Dead             Necr           0%         N/A       97%         4
 Haunt                    Necr/Summ      0%         N/A       100%        7
 Infestation              Necr           0%         N/A       100%        8


Dungeon Overview and Level Annotations

Branches:
Dungeon (7/15)             Temple (1/1) D:4           Sewer (visited)
 Bailey (1/1)

Altars:
Ashenzari
Cheibriados
Dithmenos
Elyvilon
Fedhas
Gozag
Hepliaklqana
Okawaru
Qazlal
Ru
Sif Muna
Trog
Uskayaw
Xom

Shops:
D:3 =   D:4 !*?

Annotations:
D:3 3 runed translucent doors, Dodorex895's ghost, amateur TeSu; screamidelica's ghost, amateur DjIE


Innate Abilities, Weirdness & Mutations

Your life essence is reduced to manifest your ancestor. (-10% HP)
You have a beak for a mouth.
You have claws for feet.
Your magical nature lets you fly swiftly and evasively.


Message History

Deactivating autopickup; reactivate with Ctrl-A.
Found a pink potion.
Found a green potion.
Sextus hits something with a +0 quarterstaff.
Something hits you. Something bites you!
Something draws strength from your injuries!
Sextus points at thin air and mumbles some strange words.
The stone arrow hits something.
Something hits you.
Sextus completely misses something.
You block something's attack. Something bites you but does no damage.
You sock something!
Sextus gestures next to you while chanting.
The puff of frost hits something.
You hear some strange, mumbled words.
Something tries to affect you, but you resist.
You hit something. You claw something. You peck something.
Sextus hits something but does no damage.
You hear some strange, mumbled words.
Sextus appears confused.
You hit something. You peck something. Something draws life force from you!
Sextus hits something but does no damage.
Something barely misses you. You block something's attack.
You sock something! Something hits you! Something barely misses you.
You are confused.
You feel invigorated. Something hits you. Something bites you.
Something draws strength from your injuries!
You miss something. Your kick misses something. Something barely misses you. x2
You bump into the stone wall.
Something hits you!
* * * LOW HITPOINT WARNING * * *
Something bites you.
* * * LOW HITPOINT WARNING * * *
Something draws strength from your injuries!
Something hits you!
* * * LOW HITPOINT WARNING * * *
You feel less invigorated.
You feel less confused. You block Sextus's attack.
Sextus hits himself with a +0 quarterstaff.
Something hits you!!
You die...

#8...............#....#
#....R....#......#+####
###''##...##....8#
##....##...#######
#......##....)...#
#...##...#8......8#
#..# ##..########## #..
##.R# #8. #.@8#
##!!.{!!## ##([[8##
######


You could see the friendly Sextus the battlemage (confused).

Vanquished Creatures
  A black bear (D:5)
  An ogre (D:5)
  4 phantoms
  A necrophage (D:4)
  2 scorpions (D:6)
  3 vampire bats (Bailey)
  3 wolf zombies (Bailey)
  A jelly (D:6)
  3 orc priests
  An orc wizard (D:5)
  2 adders
  2 shadow imps
  5 worms (D:2)
  5 dart slugs
  7 orcs
  8 bats
  2 endoplasms (D:2)
  2 giant cockroaches
  11 goblins
  5 hobgoblins
  9 jackals
  3 quokkas
  10 ball pythons
  4 frilled lizards
  6 kobolds
  5 orc zombies (Bailey)
  6 rats
112 creatures vanquished.

Vanquished Creatures (collateral kills)
  A gargoyle (Bailey)
  Eustachio (D:4)
  A water moccasin (D:5)
  Pargi (Sewer)
  A phantom (D:6)
  A kobold brigand (D:6)
  A bullfrog (D:6)
  A necrophage (D:6)
  A scorpion (D:5)
  5 wolf zombies (Bailey)
  6 vampire bats (Bailey)
  A hound (D:5)
  3 iguanas
  3 orc wizards (D:5)
  4 orc zombies (Bailey)
  An adder (D:6)
  An ufetubus (D:5)
  A worm (D:5)
  6 orcs
  2 goblins (D:7)
  4 kobolds (D:6)
  2 ball pythons (D:5)
48 creatures vanquished.

Vanquished Creatures (others)
  6 withered plants (D:3)
6 creatures vanquished.

Grand Total: 166 creatures vanquished

Notes
Turn   | Place    | Note
-------+----------+-------------------------------------------
     0 | D:1      | Aneyh the Tengu Monk began the quest for the Orb.
     0 | D:1      | Reached XP level 1. HP: 14/14 MP: 2/2
    64 | D:1      | Found a faded altar of an unknown god.
   168 | D:1      | Reached XP level 2. HP: 18/19 MP: 3/3
   496 | D:2      | Reached skill level 4 in Fighting
   540 | D:2      | Reached XP level 3. HP: 24/24 MP: 4/4
  1135 | D:2      | Reached XP level 4. HP: 29/29 MP: 5/5
  1475 | D:3      | Found Acem's Jewellery Emporium.
  1760 | D:3      | Found a runed translucent gate.
  1761 | D:3      | Found a runed translucent gate.
  1761 | D:3      | Found a runed translucent gate.
  1762 | D:3      | Noticed screamidelica's ghost (amateur DjIE)
  1763 | D:3      | Noticed Dodorex895's ghost (amateur TeSu)
  2345 | D:4      | Reached skill level 5 in Fighting
  2391 | D:4      | Gained mutation: Your magical nature lets you fly swiftly
                  | and evasively. [Tengu growth]
  2391 | D:4      | Reached XP level 5. HP: 29/35 MP: 6/6
  2524 | D:4      | Found a staircase to the Ecumenical Temple.
  2533 | Temple   | Entered the Ecumenical Temple
  2541 | Temple   | Became a worshipper of Hepliaklqana the Forgotten
  2541 | Temple   | Reached * piety under Hepliaklqana
  2541 | Temple   | Reached ** piety under Hepliaklqana
  2741 | D:4      | Found Qiomn's Distillery.
  2768 | D:4      | Found Jomeizax's Magic Scroll Boutique.
  2864 | D:4      | Reached skill level 6 in Fighting
  2870 | D:4      | Found Apteoro's Assorted Antiques.
  2873 | D:4      | Noticed Eustachio
  2882 | D:4      | Remembered your ancestor Sextus as a battlemage
  2890 | D:4      | Killed Eustachio
  2891 | D:4      | Reached skill level 7 in Fighting
  2891 | D:4      | Reached XP level 6. HP: 39/39 MP: 7/7
  3190 | D:5      | Entered Level 5 of the Dungeon
  3222 | D:5      | Reached XP level 7. HP: 30/43 MP: 8/8
  3296 | D:5      | Reached skill level 8 in Fighting
  3406 | D:5      | Found a glowing drain.
  3426 | Sewer    | Entered a sewer
  3510 | Sewer    | Noticed Pargi
  3518 | Sewer    | Killed Pargi
  3519 | Sewer    | Reached skill level 9 in Fighting
  3519 | Sewer    | Reached skill level 1 in Maces & Flails
  3519 | Sewer    | Reached XP level 8. HP: 42/50 MP: 9/9
  4035 | D:5      | Found a shimmering blue altar of Sif Muna.
  4258 | D:6      | Reached skill level 10 in Fighting
  4422 | D:6      | Reached skill level 5 in Maces & Flails
  4489 | D:6      | Reached XP level 9. HP: 37/55 MP: 10/10
  4867 | D:6      | Reached *** piety under Hepliaklqana
  5072 | D:7      | Found a flagged portal.
  5089 | Bailey   | Entered a bailey
  5424 | Bailey   | Noticed a gargoyle
  5431 | Bailey   | Killed a gargoyle
  5559 | Bailey   | Mangled by a vampire

Illustrated notes

Levels and vault maps discovered:
D:1:      minmay_arrival_hallway, layout_rooms,
          chequers_ecumenical_altar_simple_redux, nrook_loot_triangle,
          dk_noncrumbling_3, minmay_indecisive_spiral
D:2:      layout_basic
D:3:      layout_loops_ring, serial_shops, nicolae_shop_window_shopping,
          gammafunk_ghost_cemetery
D:4:      nicolae_BIG_FREAKIN_CUBE, layout_rooms, minmay_temple_entry_wispy,
          serial_shops, nicolae_shop_hallway_stairs, nicolae_shop_trees,
          nicolae_shop_behind_doors, minmay_misc_feat_enclosed, minivault_5,
          uniq_eustachio
D:5:      layout_loops_ring, overflow_temple_1_default,
          cheibrodos_sewer_entry_drain, minmay_a_box_with_orc_wizards_in_it
D:6:      layout_cave_pools
D:7:      layout_basic, nicolae_kikubaaqudgha_miasma_corner, enter_bailey_3
Temple:   nicolae_temple_x_marks_the_god
Bailey:   bailey_polearm_vampire_castle_hellmonk, bailey

Skill      XL: |  1  2  3  4  5  6  7  8  9 |
---------------+----------------------------+-----
Fighting       | 4 5 7 9 10 | 10.0
Polearms       | 4 |  4.0
Maces & Flails | 1 5 9 |  9.6
Dodging        | |  3.2
Stealth        | |  2.0

Action                     |  1- 3 |  4- 6 |  7- 9 || total
---------------------------+-------+-------+-------++-------
  Melee: Spear             |    42 |       |       ||    42
         Kick              |    13 |    17 |    36 ||    66
         Peck              |    12 |    12 |    22 ||    46
         Trident           |    77 |    45 |       ||   122
         Morningstar       |       |    61 |     9 ||    70
         Great mace        |       |       |   115 ||   115
  Throw: Dart              |     7 |    13 |    25 ||    45
         Throwing net      |     1 |       |       ||     1
 Invoke: Ancestor Life: Ba |       |     1 |       ||     1
         Recall Ancestor   |       |       |     1 ||     1
  Evoke: Wand              |       |       |     1 ||     1
    Use: Potion            |       |     2 |     1 ||     3
         Scroll            |       |       |    12 ||    12
   Stab: Sleeping          |     6 |     4 |     1 ||    11
         Distracted        |       |     1 |     3 ||     4
 Armour: Robe              |    18 |    11 |    37 ||    66
  Dodge: Dodged            |    69 |    89 |   110 ||   268
  Block: Other             |       |    17 |    41 ||    58
         Reflection        |       |     4 |     1 ||     5

Table legend: (Time is in decaauts)
 A = Elapsed time spent in this place.
 B = Non-inter-level travel time spent in this place.
 C = Inter-level travel time spent in this place.
 D = Time resting spent in this place.
 E = Time spent auto-exploring this place.
 F = Levels seen in this place.
 G = Mean time per level.
                   A        B        C        D        E       F      G
               +--------+--------+--------+--------+--------+-----+--------+
         Total |   5469 |   5318 |    151 |    818 |   3202 |  10 |  546.9 |
       Dungeon |   4784 |   4639 |    145 |    599 |   2958 |   7 |  683.4 |
        Temple |     17 |     11 |      6 |      0 |      0 |   1 |   17.0 |
         Sewer |    193 |    193 |      0 |     31 |     97 |   1 |  193.0 |
        Bailey |    473 |    473 |      0 |    188 |    147 |   1 |  473.0 |
               +--------+--------+--------+--------+--------+-----+--------+

Top non-repeatable levels by time:
     D:3: 916 daAuts
     D:4: 842 daAuts
     D:2: 838 daAuts
     D:5: 780 daAuts
     D:6: 762 daAuts
     D:1: 552 daAuts
  Bailey: 473 daAuts
   Sewer: 193 daAuts
     D:7: 91 daAuts
  Temple: 17 daAuts
